3AAA
HAMILTON COYOTES @ PORT ROYAL DISASTER
07/01/2025
 
TOP OF THE 1ST
Hamilton Coyotes batting - Pitching for Port Royal Disaster : RHP Juan Guillén
Pitching: RHP Juan Guillén
Batting: RHB Ron Clark 0-0: Foul Ball, location: 2F
0-1: Ball
1-1: Foul Ball, location: 2F
1-2: Strikes out swinging
Batting: RHB Jesús Soto 0-0: Called Strike
0-1: Ball
1-1: Called Strike
1-2: Strikes out looking
Batting: RHB Paddy Hodnett 0-0: Called Strike
0-1: Called Strike
0-2: Ball
1-2: Strikes out swinging
Top of the 1st over - 0 run(s), 0 hit(s), 0 error(s), 0 left on base; Hamilton 0 - Port Royal 0
BOTTOM OF THE 1ST
Port Royal Disaster batting - Pitching for Hamilton Coyotes : RHP King Fletcher
Pitching: RHP King Fletcher
Batting: RHB Manuel Becerra 0-0: Ball
1-0: Foul Ball, location: 2F
1-1: Ball
2-1: Foul Ball, location: 2F
2-2: Ball
3-2: Strikes out swinging
Batting: RHB Sergio Martínez 0-0: SINGLE (Flyball, 8RS)
Batting: RHB Martín Méndez 0-0: Called Strike
0-1: 2-RUN HOME RUN (Flyball, 7D), Distance : 372 ft
Batting: LHB José Martínez 0-0: Ball
1-0: Ball
2-0: Ball
3-0: Called Strike
3-1: Foul Ball, location: 2F
3-2: Fly out, F8 (Flyball, 8RS)
Batting: SHB Arsenio Sameiro 0-0: Fly out, F9 (Flyball, 9LSF)
Bottom of the 1st over - 2 run(s), 2 hit(s), 0 error(s), 0 left on base; Hamilton 0 - Port Royal 2
TOP OF THE 2ND
Hamilton Coyotes batting - Pitching for Port Royal Disaster : RHP Juan Guillén
Batting: RHB Jon Erickson 0-0: Foul Ball, location: 2F
0-1: Ball
1-1: Swinging Strike
1-2: Fly out, F9 (Flyball, 9D)
Batting: RHB Dan Bernard 0-0: Reached on error, E7 (Flyball, 78S)
Batting: RHB Monty Sharp 0-0: Ball
1-0: Ball
2-0: Fielders Choice at 2nd, 5-4 (Groundball, 56)
Batting: LHB Lance Schiffer 0-0: Foul Ball, location: 2F
0-1: SINGLE (Flyball, 78S)
Monty Sharp to second
Batting: RHB Sam Horton 0-0: Called Strike
0-1: Ball
1-1: SINGLE (Flyball, 7S)
Monty Sharp to third
Lance Schiffer to second
Runner from 3rd tries for Home, SAFE, no throw
Batting: RHB Anthony Trujillo 0-0: Ball
1-0: DOUBLE (Line Drive, 78D)
Lance Schiffer scores
Sam Horton to third
Runner from 3rd tries for Home, SAFE, no throw
Batting: RHB Ron Clark 0-0: Ball
1-0: Ball
2-0: Ball
3-0: Called Strike
3-1: SINGLE (Groundball, 4MD)
Anthony Trujillo to third
Runner from 3rd tries for Home, SAFE, no throw
Batting: RHB Jesús Soto 0-0: Ball
1-0: Called Strike
1-1: SINGLE (Groundball, 23) (infield hit)
Ron Clark to second
Batting: RHB Paddy Hodnett 0-0: Called Strike
0-1: Called Strike
0-2: SINGLE (Line Drive, 4MD)
Ron Clark to third
Jesús Soto to second
Runner from 3rd tries for Home, SAFE, no throw
Batting: RHB Jon Erickson 0-0: Called Strike
0-1: Swinging Strike
0-2: Foul Ball, location: 2F
0-2: Strikes out swinging
Top of the 2nd over - 5 run(s), 6 hit(s), 1 error(s), 2 left on base; Hamilton 5 - Port Royal 2
BOTTOM OF THE 2ND
Port Royal Disaster batting - Pitching for Hamilton Coyotes : RHP King Fletcher
Batting: RHB Ronnie Cleveland 0-0: Foul Ball, location: 2F
0-1: Ball
1-1: Ground out 5-3 (Groundball, 56S)
Batting: RHB David McJannett 0-0: Called Strike
0-1: Ball
1-1: Ball
2-1: Called Strike
2-2: Strikes out looking
Batting: RHB David Verhoeve 0-0: Ball
1-0: Called Strike
1-1: Foul Ball, location: 2F
1-2: Ball
2-2: Ball
3-2: Base on Balls
Batting: LHB Davis Mills 0-0: Ball
1-0: SINGLE (Flyball, 89S)
David Verhoeve to second
Runner from 2nd tries for 3rd, SAFE, throw made to third
Davis Mills to second
Batting: RHB Manuel Becerra 0-0: Foul Ball, location: 2F
0-1: Swinging Strike
0-2: SINGLE (Groundball, 56S) (infield hit)
David Verhoeve scores
Davis Mills to third
Batting: RHB Sergio Martínez 0-0: Ball
1-0: Foul Ball, location: 2F
1-1: Foul Ball, location: 2F
1-2: Ball
2-2: Fielders Choice at 2nd, 5-4 (Groundball, 56)
Bottom of the 2nd over - 1 run(s), 2 hit(s), 0 error(s), 1 left on base; Hamilton 5 - Port Royal 3
TOP OF THE 3RD
Hamilton Coyotes batting - Pitching for Port Royal Disaster : RHP Juan Guillén
Batting: RHB Dan Bernard 0-0: Called Strike
0-1: Called Strike
0-2: Ball
1-2: Foul Ball, location: 2F
1-2: SINGLE (Groundball, 6MD)
Batting: RHB Monty Sharp 0-0: Foul Ball, location: 2F
0-1: Ball
1-1: Foul Ball, location: 2F
1-2: Ball
2-2: Ball
Passed Ball!
Dan Bernard to second
3-2: Ground out U3 (Groundball, 34S)
Dan Bernard to third
Batting: LHB Lance Schiffer 0-0: Foul Ball, location: 2F
0-1: Foul Ball, location: 2F
0-2: Strikes out looking
Batting: RHB Sam Horton 0-0: Ball
1-0: Swinging Strike
Balk!
Dan Bernard scores
1-1: Ground out 5-3 (Groundball, 56S)
Top of the 3rd over - 1 run(s), 1 hit(s), 0 error(s), 0 left on base; Hamilton 6 - Port Royal 3
BOTTOM OF THE 3RD
Port Royal Disaster batting - Pitching for Hamilton Coyotes : RHP King Fletcher
Batting: RHB Martín Méndez 0-0: Ground out 4-3 (Groundball, 4)
Batting: LHB José Martínez 0-0: Called Strike
0-1: Swinging Strike
0-2: SINGLE (Groundball, 34D)
Batting: SHB Arsenio Sameiro 0-0: Swinging Strike
0-1: Ball
1-1: Foul Ball, location: 2F
1-2: Ball
2-2: Fly out, F7 (Flyball, 7LM)
Batting: RHB Ronnie Cleveland Balk!
José Martínez to second
0-0: Called Strike
0-1: Ball
1-1: Ball
2-1: Foul Ball, location: 2F
2-2: Ball
3-2: Strikes out looking
Bottom of the 3rd over - 0 run(s), 1 hit(s), 0 error(s), 1 left on base; Hamilton 6 - Port Royal 3
TOP OF THE 4TH
Hamilton Coyotes batting - Pitching for Port Royal Disaster : RHP Juan Guillén
Batting: RHB Anthony Trujillo 0-0: Ball
1-0: Ball
2-0: Called Strike
2-1: Ball
3-1: Foul Ball, location: 2F
3-2: Strikes out swinging
Batting: RHB Ron Clark 0-0: Called Strike
0-1: Swinging Strike
0-2: SINGLE (Groundball, 5D)
Batting: RHB Jesús Soto 0-0: Swinging Strike
0-1: Ball
1-1: Called Strike
1-2: Ball
2-2: Ball
3-2: Strikes out swinging
Batting: RHB Paddy Hodnett 0-0: Ball
1-0: Swinging Strike
1-1: Ball
2-1: Foul Ball, location: 2F
2-2: Foul Ball, location: 2F
2-2: Foul Ball, location: 2F
2-2: Ball
3-2: Foul Ball, location: 2F
3-2: Base on Balls
Ron Clark to second
Pitching: LHP Pedro Pacheco
Batting: RHB Jon Erickson 0-0: Foul Ball, location: 2F
0-1: Called Strike
0-2: Ball
1-2: Ball
2-2: Strikes out swinging
Top of the 4th over - 0 run(s), 1 hit(s), 0 error(s), 2 left on base; Hamilton 6 - Port Royal 3
BOTTOM OF THE 4TH
Port Royal Disaster batting - Pitching for Hamilton Coyotes : RHP King Fletcher
Batting: RHB David McJannett 0-0: Ball
1-0: Ball
2-0: Ball
3-0: Called Strike
3-1: Foul Ball, location: 2F
3-2: SINGLE (Groundball, 5D)
Batting: RHB David Verhoeve 0-0: Ball
1-0: Foul Ball, location: 2F
1-1: Ball
2-1: Called Strike
2-2: Ball
3-2: Base on Balls
David McJannett to second
Batting: LHB Davis Mills 0-0: Called Strike
0-1: Ball
1-1: Fly out, F7 (Flyball, 78M)
Batting: RHB Manuel Becerra 0-0: Called Strike
0-1: Ball
1-1: Ball
2-1: Foul Ball, location: 2F
2-2: Ball
3-2: Base on Balls
David McJannett to third
David Verhoeve to second
Batting: RHB Sergio Martínez 0-0: Called Strike
0-1: Ball
1-1: Ball
2-1: Called Strike
2-2: Ball
3-2: Base on Balls
David McJannett scores
David Verhoeve to third
Manuel Becerra to second
Batting: RHB Martín Méndez 0-0: Ground out 6-3 (Groundball, 6S)
David Verhoeve scores
Manuel Becerra to third
Sergio Martínez to second
Batting: LHB José Martínez 0-0: Called Strike
0-1: Called Strike
0-2: Ball
1-2: SINGLE (Line Drive, 9LS)
Manuel Becerra scores
Sergio Martínez to third
Batting: SHB Arsenio Sameiro 0-0: Ball
1-0: Foul Ball, location: 2F
1-1: SINGLE (Line Drive, 8RS)
Sergio Martínez scores
José Martínez to second
Runner from 2nd tries for 3rd, SAFE, throw made to third
Pitching: LHP Martin Bennett
Batting: RHB Ronnie Cleveland 0-0: Fly out, F5 (Line Drive, 5L)
Bottom of the 4th over - 4 run(s), 3 hit(s), 0 error(s), 2 left on base; Hamilton 6 - Port Royal 7
TOP OF THE 5TH
Hamilton Coyotes batting - Pitching for Port Royal Disaster : LHP Pedro Pacheco
Batting: RHB Dan Bernard 0-0: Ball
1-0: Called Strike
1-1: Called Strike
1-2: Ball
2-2: Ball
3-2: Foul Ball, location: 2F
3-2: Foul Ball, location: 2F
3-2: Foul Ball, location: 2F
3-2: Base on Balls
Batting: RHB Monty Sharp 0-0: Sac Bunt - play at first, batter OUT! 2-4
Dan Bernard to second
Batting: LHB Lance Schiffer 0-0: Called Strike
0-1: SINGLE (Groundball, 34D)
Dan Bernard to third
Runner from 3rd tries for Home, SAFE, throw made home
Lance Schiffer to second
Batting: RHB Sam Horton 0-0: Foul Ball, location: 2F
0-1: Swinging Strike
0-2: Ball
1-2: SINGLE (Flyball, 8LS)
Lance Schiffer to third
Batting: RHB Anthony Trujillo 0-0: Ball
1-0: Called Strike
1-1: Ball
2-1: Ball
3-1: Base on Balls
Sam Horton to second
Batting: RHB Ron Clark 0-0: Ball
1-0: Foul Ball, location: 2F
1-1: Swinging Strike
1-2: Foul Ball, location: 2F
1-2: Foul Ball, location: 2F
1-2: Foul Ball, location: 2F
1-2: Strikes out swinging
Batting: RHB Jesús Soto 0-0: Called Strike
0-1: SINGLE (Groundball, 6D)
Lance Schiffer scores
Sam Horton to third
Anthony Trujillo to second
Runner from 3rd tries for Home, SAFE, no throw
Batting: RHB Paddy Hodnett 0-0: Called Strike
0-1: Called Strike
0-2: Fly out, F7 (Flyball, 7S)
Top of the 5th over - 3 run(s), 3 hit(s), 0 error(s), 2 left on base; Hamilton 9 - Port Royal 7
BOTTOM OF THE 5TH
Port Royal Disaster batting - Pitching for Hamilton Coyotes : LHP Martin Bennett
Batting: RHB David McJannett 0-0: Fly out, F7 (Flyball, 7S)
Batting: RHB David Verhoeve 0-0: Ball
1-0: Foul Ball, location: 2F
1-1: Foul Ball, location: 2F
1-2: SINGLE (Line Drive, 7S)
Batting: LHB Davis Mills 0-0: Called Strike
0-1: Ball
1-1: Ball
2-1: Ball
3-1: Fly out, F7 (Flyball, 7)
Batting: RHB Manuel Becerra 0-0: Ball
David Verhoeve steals 2nd base
1-0: Called Strike
1-1: Fly out, F7 (Line Drive, 7)
Bottom of the 5th over - 0 run(s), 1 hit(s), 0 error(s), 1 left on base; Hamilton 9 - Port Royal 7
TOP OF THE 6TH
Hamilton Coyotes batting - Pitching for Port Royal Disaster : LHP Pedro Pacheco
Pitching: RHP Juan Carlos Herrera
Batting: RHB Jon Erickson 0-0: Ball
1-0: Swinging Strike
1-1: Fly out, F9 (Flyball, 9LS)
Batting: RHB Dan Bernard 0-0: Ball
1-0: Ball
2-0: Swinging Strike
2-1: Ball
3-1: Fly out, F8 (Line Drive, 8RS)
Batting: RHB Monty Sharp 0-0: Called Strike
0-1: Ball
1-1: SINGLE (Groundball, 6D)
Batting: LHB Lance Schiffer 0-0: Ball
Monty Sharp is caught stealing 2nd base
Top of the 6th over - 0 run(s), 1 hit(s), 0 error(s), 0 left on base; Hamilton 9 - Port Royal 7
BOTTOM OF THE 6TH
Port Royal Disaster batting - Pitching for Hamilton Coyotes : LHP Martin Bennett
Batting: RHB Sergio Martínez 0-0: Foul Ball, location: 2F
0-1: SINGLE (Line Drive, 78S)
Batting: RHB Martín Méndez 0-0: Ball
1-0: Called Strike
Sergio Martínez is caught stealing 2nd base
1-1: Ball
2-1: Swinging Strike
2-2: Ball
3-2: Base on Balls
Batting: LHB José Martínez 0-0: Called Strike
0-1: Foul Ball, location: 2F
0-2: Ball
1-2: Ball
2-2: DOUBLE (Flyball, 7D)
Martín Méndez to third
Runner from 3rd tries for Home, SAFE, throw made home
Batting: SHB Arsenio Sameiro 0-0: Swinging Strike
0-1: Called Strike
0-2: Ball
1-2: Ball
2-2: SINGLE (Groundball, 4D)
José Martínez to third
Batting: RHB Ronnie Cleveland 0-0: Swinging Strike
0-1: Ball
1-1: Called Strike
1-2: Ball
2-2: Ball
3-2: Strikes out looking
Batting: RHB David McJannett 0-0: Foul Ball, location: 2F
0-1: Called Strike
0-2: SINGLE (Groundball, 56D)
José Martínez scores
Arsenio Sameiro to second
Batting: RHB David Verhoeve 0-0: Ball
1-0: Fly out, F8 (Flyball, 78D)
Bottom of the 6th over - 2 run(s), 4 hit(s), 0 error(s), 2 left on base; Hamilton 9 - Port Royal 9
TOP OF THE 7TH
Hamilton Coyotes batting - Pitching for Port Royal Disaster : RHP Juan Carlos Herrera
Batting: LHB Lance Schiffer 0-0: Ball
1-0: SINGLE (Groundball, 34D)
Batting: RHB Sam Horton 0-0: Sac Bunt - play at first, batter OUT! U3
Lance Schiffer to second
Pinch Hitting: LHB Ron Goodwin 0-0: Intentional Walk
Batting: RHB Ron Clark 0-0: Ball
1-0: Ball
2-0: Called Strike
2-1: Ball
Wild Pitch!
Lance Schiffer to third
Ron Goodwin to second
3-1: Foul Ball, location: 2F
3-2: Base on Balls
Pinch Hitting: LHB Tony Ríos 0-0: Fly out, F6 (Line Drive, 6M)
Lined into DP, U6 (Line Drive, 6M)
Top of the 7th over - 0 run(s), 1 hit(s), 0 error(s), 2 left on base; Hamilton 9 - Port Royal 9
BOTTOM OF THE 7TH
Port Royal Disaster batting - Pitching for Hamilton Coyotes : LHP Martin Bennett
Now at 1B: Ron Goodwin
Now in LF: Tony Ríos
Pinch Hitting: RHB Jorge Morales 0-0: Ball
1-0: SINGLE (Line Drive, 8LS)
Batting: RHB Manuel Becerra 0-0: Bunted foul
0-1: Sac Bunt - play at first, batter OUT! 3-4
Jorge Morales to second
Pitching: LHP Bill Washington
Batting: RHB Sergio Martínez 0-0: Ball
1-0: Called Strike
1-1: Foul Ball, location: 2F
1-2: Foul Ball, location: 2F
1-2: Ball
2-2: Ground out 4-3 (Groundball, 4)
Jorge Morales to third
Batting: RHB Martín Méndez 0-0: Called Strike
0-1: Ground out 5-3 (Groundball, 56)
Bottom of the 7th over - 0 run(s), 1 hit(s), 0 error(s), 1 left on base; Hamilton 9 - Port Royal 9
TOP OF THE 8TH
Hamilton Coyotes batting - Pitching for Port Royal Disaster : RHP Juan Carlos Herrera
Now in LF: Jorge Morales
Batting: RHB Paddy Hodnett 0-0: Ball
1-0: Foul Ball, location: 2F
1-1: Ball
2-1: Ball
3-1: Ground out 5-3 (Groundball, 56)
Batting: RHB Jon Erickson 0-0: Ball
1-0: Swinging Strike
1-1: Foul Ball, location: 2F
1-2: Foul Ball, location: 2F
1-2: Ball
2-2: Strikes out swinging
Batting: RHB Dan Bernard 0-0: Ball
1-0: Ball
2-0: Foul Ball, location: 2F
2-1: Foul Ball, location: 2F
2-2: Foul Ball, location: 2F
2-2: Ball
3-2: Ground out 6-3 (Groundball, 6)
Top of the 8th over - 0 run(s), 0 hit(s), 0 error(s), 0 left on base; Hamilton 9 - Port Royal 9
BOTTOM OF THE 8TH
Port Royal Disaster batting - Pitching for Hamilton Coyotes : LHP Bill Washington
Pinch Hitting: RHB Brandon Cooper 0-0: Foul Ball, location: 2F
0-1: Ball
1-1: Ball
2-1: Foul Ball, location: 2F
2-2: Ball
3-2: Fly out, F3 (Popup, 3L)
Pinch Hitting: SHB Bob Rogers 0-0: Foul Ball, location: 2F
0-1: SINGLE (Line Drive, 34)
Batting: RHB Ronnie Cleveland 0-0: Foul Ball, location: 2F
0-1: Ball
1-1: Ball
2-1: Called Strike
2-2: Ball
3-2: Ground out 5-3 (Groundball, 56)
Bob Rogers to second
Batting: RHB David McJannett 0-0: Ball
1-0: Foul Ball, location: 2F
1-1: SINGLE (Groundball, 34) (infield hit)
Bob Rogers to third
Batting: RHB David Verhoeve 0-0: Swinging Strike
0-1: Foul Ball, location: 2F
0-2: Ball
1-2: Ball
2-2: Strikes out swinging
Bottom of the 8th over - 0 run(s), 2 hit(s), 0 error(s), 2 left on base; Hamilton 9 - Port Royal 9
TOP OF THE 9TH
Hamilton Coyotes batting - Pitching for Port Royal Disaster : RHP Juan Carlos Herrera
Pitching: LHP António Venegas
Now at 1B: Brandon Cooper
Now in CF: Bob Rogers
Batting: RHB Monty Sharp 0-0: Ball
1-0: Ball
2-0: Ball
3-0: Called Strike
3-1: Foul Ball, location: 2F
3-2: Ground out 5-3 (Groundball, 5)
Batting: LHB Lance Schiffer 0-0: Called Strike
0-1: Called Strike
0-2: Ground out 4-3 (Groundball, 4)
Pinch Hitting: RHB Ralph May 0-0: Ball
1-0: Called Strike
1-1: Ball
2-1: Ground out 4-3 (Groundball, 4)
Top of the 9th over - 0 run(s), 0 hit(s), 0 error(s), 0 left on base; Hamilton 9 - Port Royal 9
BOTTOM OF THE 9TH
Port Royal Disaster batting - Pitching for Hamilton Coyotes : LHP Bill Washington
Pitching: RHP John Riggleman
Now at SS: Bruce Hunt
Pinch Hitting: RHB Jim Unknown 0-0: Called Strike
0-1: Ball
1-1: Ball
2-1: Foul Ball, location: 2F
2-2: Strikes out swinging
Batting: RHB Manuel Becerra 0-0: Called Strike
0-1: Called Strike
0-2: Foul Ball, location: 2F
0-2: Ball
1-2: Strikes out swinging
Batting: RHB Sergio Martínez 0-0: Ball
1-0: Ball
2-0: SINGLE (Line Drive, 89M)
Batting: RHB Martín Méndez 0-0: Ball
1-0: Ball
2-0: Ball
3-0: Called Strike
3-1: Fielders Choice at 2nd, 5-4 (Groundball, 5L)
Bottom of the 9th over - 0 run(s), 1 hit(s), 0 error(s), 0 left on base; Hamilton 9 - Port Royal 9
TOP OF THE 10TH
Hamilton Coyotes batting - Pitching for Port Royal Disaster : LHP António Venegas
Now in LF: Aurelio García
Pinch Hitting: RHB Ben Daniel 0-0: Foul Ball, location: 2F
0-1: Foul Ball, location: 2F
0-2: Ball
1-2: Ball
2-2: SINGLE (Groundball, 6MD)
Batting: RHB Ron Clark 0-0: Ball
1-0: Ball
2-0: Swinging Strike
2-1: Ball
3-1: Called Strike
3-2: Foul Ball, location: 2F
3-2: Fly out, F8 (Flyball, 8LM)
Batting: LHB Tony Ríos 0-0: Ball
1-0: Ball
2-0: Fly out, F8 (Flyball, 8LD)
Batting: RHB Paddy Hodnett 0-0: Ball
1-0: Fielders Choice at 2nd, 4-6 (Groundball, 4)
Top of the 10th over - 0 run(s), 1 hit(s), 0 error(s), 0 left on base; Hamilton 9 - Port Royal 9
BOTTOM OF THE 10TH
Port Royal Disaster batting - Pitching for Hamilton Coyotes : RHP John Riggleman
Now at 3B: Stan Pierce
Batting: RHB Brandon Cooper 0-0: Ball
1-0: Swinging Strike
1-1: Ball
2-1: Foul Ball, location: 2F
2-2: Ball
3-2: Strikes out looking
Batting: SHB Bob Rogers 0-0: Fly out, F8 (Flyball, 89S)
Batting: RHB Ronnie Cleveland 0-0: Ball
1-0: Ball
2-0: Ball
3-0: Called Strike
3-1: Swinging Strike
3-2: Foul Ball, location: 2F
3-2: Ground out 4-3 (Groundball, 4)
Bottom of the 10th over - 0 run(s), 0 hit(s), 0 error(s), 0 left on base; Hamilton 9 - Port Royal 9
TOP OF THE 11TH
Hamilton Coyotes batting - Pitching for Port Royal Disaster : LHP António Venegas
Batting: RHB Jon Erickson 0-0: Ball
1-0: Swinging Strike
1-1: Foul Ball, location: 2F
1-2: Ball
2-2: Foul Ball, location: 2F
2-2: Foul Ball, location: 2F
2-2: Ball
3-2: Base on Balls
Batting: RHB Dan Bernard 0-0: Ball
1-0: Reached on error, E5 (Groundball, 56)
Jon Erickson to second
Batting: RHB Monty Sharp 0-0: Bunted foul
0-1: Ball
1-1: Ball
2-1: Ball
3-1: Bunted foul
3-2: Grounds into double play, 4-6-3 (Groundball, 4)
Jon Erickson to third
Batting: LHB Lance Schiffer 0-0: Called Strike
0-1: Ball
1-1: SINGLE (Groundball, 4D)
Jon Erickson scores
Batting: SHB Bruce Hunt 0-0: Ball
1-0: Called Strike
1-1: Foul Ball, location: 2F
1-2: Foul Ball, location: 2F
1-2: Fielders Choice at 2nd, 5-4 (Groundball, 5L)
Top of the 11th over - 1 run(s), 1 hit(s), 1 error(s), 0 left on base; Hamilton 10 - Port Royal 9
BOTTOM OF THE 11TH
Port Royal Disaster batting - Pitching for Hamilton Coyotes : RHP John Riggleman
Pitching: LHP Jim Unknown
Batting: RHB David McJannett 0-0: Called Strike
0-1: Ball
1-1: Ball
2-1: Ball
3-1: Foul Ball, location: 2F
3-2: Fly out, F8 (Flyball, 8LD)
Batting: RHB David Verhoeve 0-0: Called Strike
0-1: SINGLE (Groundball, 3S) (infield hit)
Batting: RHB Aurelio García 0-0: Called Strike
0-1: Fly out, F9 (Flyball, 9S)
Batting: RHB Manuel Becerra 0-0: Ball
1-0: Ball
2-0: Ball
3-0: Called Strike
3-1: Foul Ball, location: 2F
3-2: Foul Ball, location: 2F
3-2: Base on Balls
David Verhoeve to second
Batting: RHB Sergio Martínez 0-0: SINGLE (Flyball, 9S)
David Verhoeve to third
Manuel Becerra to second
Runner from 3rd tries for Home, SAFE, no throw
Batting: RHB Martín Méndez 0-0: Called Strike
0-1: Ball
1-1: Foul Ball, location: 2F
1-2: Strikes out swinging
Bottom of the 11th over - 1 run(s), 2 hit(s), 0 error(s), 2 left on base; Hamilton 10 - Port Royal 10
TOP OF THE 12TH
Hamilton Coyotes batting - Pitching for Port Royal Disaster : LHP António Venegas
Batting: RHB Stan Pierce 0-0: Foul Ball, location: 2F
0-1: Ground out 4-3 (Groundball, 4)
Batting: RHB Ron Clark 0-0: Ball
1-0: Ball
2-0: Ball
3-0: Called Strike
3-1: Base on Balls
Pitching: LHP Aukukero Mincarlie Jr.
Batting: LHB Tony Ríos 0-0: Called Strike
0-1: Ball
1-1: Ball
2-1: Ball
3-1: SINGLE (Line Drive, 89S)
Ron Clark to second
Pinch Runner at 2nd Francisco Morales:
Batting: RHB Paddy Hodnett 0-0: Foul Ball, location: 2F
0-1: Ball
1-1: Foul Ball, location: 2F
1-2: Ball
2-2: Ball
3-2: Fly out, F9 (Flyball, 9S)
Batting: RHB Jon Erickson 0-0: Foul Ball, location: 2F
0-1: Foul Ball, location: 2F
0-2: Fly out, F8 (Flyball, 8LS)
Top of the 12th over - 0 run(s), 1 hit(s), 0 error(s), 2 left on base; Hamilton 10 - Port Royal 10
BOTTOM OF THE 12TH
Port Royal Disaster batting - Pitching for Hamilton Coyotes : LHP Jim Unknown
Now at C: Carlos Mercado
Batting: RHB Brandon Cooper 0-0: Ball
1-0: Ball
2-0: Ball
3-0: Base on Balls
Batting: SHB Bob Rogers 0-0: Ball
1-0: Ball
2-0: Called Strike
2-1: Fly out, F6 (Popup, 56D)
Batting: RHB Ronnie Cleveland 0-0: Foul Ball, location: 2F
0-1: Ground out 5-3 (Groundball, 56S)
Brandon Cooper to second
Batting: RHB David McJannett 0-0: Foul Ball, location: 2F
0-1: Ball
1-1: Ball
2-1: Ground out 5-3 (Groundball, 56)
Bottom of the 12th over - 0 run(s), 0 hit(s), 0 error(s), 1 left on base; Hamilton 10 - Port Royal 10
TOP OF THE 13TH
Hamilton Coyotes batting - Pitching for Port Royal Disaster : LHP Aukukero Mincarlie Jr.
Batting: RHB Dan Bernard 0-0: Foul Ball, location: 2F
0-1: Ball
1-1: Called Strike
1-2: Ball
2-2: Ground out 5-3 (Groundball, 56)
Batting: RHB Monty Sharp 0-0: Fly out, F5 (Popup, 5D)
Batting: LHB Lance Schiffer 0-0: Called Strike
0-1: Ball
1-1: Foul Ball, location: 2F
1-2: Ball
2-2: Foul Ball, location: 2F
2-2: Ball
3-2: Base on Balls
Batting: SHB Bruce Hunt 0-0: DOUBLE (Line Drive, 8RD)
Lance Schiffer to third
Batting: RHB Stan Pierce 0-0: Called Strike
0-1: DOUBLE (Line Drive, 7LM)
Lance Schiffer scores
Bruce Hunt scores
Batting: RHB Carlos Mercado 0-0: Swinging Strike
0-1: Swinging Strike
0-2: Ball
1-2: Ball
2-2: Ball
3-2: Base on Balls
Batting: LHB Tony Ríos 0-0: Ball
1-0: Ball
2-0: Foul Ball, location: 2F
2-1: Foul Ball, location: 2F
2-2: Fly out, F8 (Flyball, 8RD)
Top of the 13th over - 2 run(s), 2 hit(s), 0 error(s), 2 left on base; Hamilton 12 - Port Royal 10
BOTTOM OF THE 13TH
Port Royal Disaster batting - Pitching for Hamilton Coyotes : LHP Jim Unknown
Pitching: RHP Albert Días
Batting: RHB David Verhoeve 0-0: Ball
1-0: Fly out, F7 (Flyball, 78S)
Batting: RHB Aurelio García 0-0: Foul Ball, location: 2F
0-1: Ball
1-1: Ground out 5-3 (Groundball, 56S)
Batting: RHB Manuel Becerra 0-0: Foul Ball, location: 2F
0-1: Foul Ball, location: 2F
0-2: Strikes out swinging
Bottom of the 13th over - 0 run(s), 0 hit(s), 0 error(s), 0 left on base; Hamilton 12 - Port Royal 10
Friday, December 30th, 2016 - OOTP Baseball 17.12 Build 75